 Dungeon Crawl Stone Soup version 0.28-a0-589-g333b8329f1 (webtiles) character file.

Game seed: 14228735553212165259

112 iamoutofideas the Chopper (level 4, -1/38 HPs)
             Began as a Hill Orc Gladiator on Oct 4, 2021.
             Slain by an ogre (16 damage)
             ... on level 4 of the Dungeon.
             The game lasted 00:01:36 (2791 turns).

iamoutofideas the Chopper (Hill Orc Gladiator)      Turns: 2791, Time: 00:01:36

Health: -1/38      AC:  4    Str: 17    XL:     4   Next: 95%
Magic:  4/4        EV: 12    Int:  8    God:
Gold:   108        SH:  0    Dex: 12    Spells: 3/3 levels left

rFire   . . .      SeeInvis .   a - +0 war axe
rCold   . . .      Faith    .   (no shield)
rNeg    . . .      Spirit   .   b - +0 leather armour
rPois   .          Reflect  .   c - +0 helmet
rElec   .          Harm     .   (no cloak)
rCorr   .          Rampage  .   (no gloves)
Will    .....                   (no boots)
Stlth   +.........              (no amulet)
HPRegen 0.12/turn               e - ring of flight
MPRegen 0.09/turn               (no ring)

@: flying, studying Bows
A: no striking features
a: no special abilities


You were on level 4 of the Dungeon.
You visited 1 branch of the dungeon, and saw 4 of its levels.

You collected 108 gold pieces.

Inventory:

Hand Weapons
 a - a +0 war axe (weapon)
Missiles
 d - 3 throwing nets (quivered)
Armour
 b - a +0 leather armour (worn)
 c - a +0 helmet (worn)
Jewellery
 e - a ring of flight (left hand)
 n - a +6 ring of intelligence
Scrolls
 f - 3 scrolls of teleportation {unknown}
 g - a scroll of holy word {unknown}
 h - a scroll of blinking {unknown}
 i - 2 scrolls of identify {unknown}
 k - a scroll of noise {unknown}
 m - 3 scrolls of fear {unknown}
 o - a scroll of amnesia {unknown}
Potions
 j - a potion of resistance {unknown}
 l - a potion of attraction {unknown}
 p - a potion of flight {unknown}
 q - 4 potions of curing {unknown}
 r - a potion of mutation {unknown}
 s - a potion of might {unknown}


   Skills:
 + Level 3.0 Fighting
 * Level 6.3 Axes
 - Level 1.9 Throwing
 - Level 2.9 Dodging


You had 3 spell levels left.
You didn't know any spells.
Your spell library contained the following spells:

 Spells                   Type           Power      Damage    Failure   Level
 Magic Dart               Conj           0%         1d3       47%         1
 Searing Ray              Conj           0%         2d4       63%         2
 Fulminant Prism          Conj/Hex       0%         3d6       99%         4


Dungeon Overview and Level Annotations

Branches:
Dungeon (4/15)
 Temple: D:4-7

Altars:
Uskayaw

Shops:
D:1 =


Message History

Can't find anything matching that.
Done exploring.
Done exploring.
No target in view!
Done exploring.
No target in view!
Done exploring.
(D) Dungeon
Where to? (Enter - D:3, ? - help)
There is an open door here.
You see here a +0 club.
There is a stone staircase leading down here.
You fly downwards.
There is a stone staircase leading up here.
A ball python comes into view.
Found a large agate ring.
A ball python is nearby!
An ogre comes into view. It is wielding a +0 giant club.
The ogre shouts!
There are monsters nearby!
The ball python bites you. The ball python grabs you.
The ball python constricts you.
There are monsters nearby!
You closely miss the ball python.
The ball python bites you but does no damage.
The ball python constricts you.
There are monsters nearby!
You barely miss the ball python. You hit the ogre.
The ball python bites you but does no damage.
The ball python constricts you. The ogre barely misses you.
The ball python barely misses you. The ball python constricts you.
You hit the ball python but do no damage.
You hit the ogre. The ball python bites you. The ball python constricts you.
The ogre hits you with a +0 giant club!!
Ouch! That really hurt!
You are too injured to fight recklessly!
Unknown command.
You escape the ball python's grasp.
The ogre hits you with a +0 giant club!
You die...

.....
###+#.=...
#......... ####
#.........
....# #.......
.....#.###....#
.....#........#
###..######OS.#
........###@..#
#.........#
#...#.....#
#.#<#....##
#.#.#..###
#.#....#
#.###.#. #.
....# ## ##.#.#


You could see an ogre and a ball python.

Vanquished Creatures
  A gnoll (D:1)
  5 adders
  A worm (D:2)
  A dart slug (D:3)
  An orc (D:3)
  10 ball pythons
  6 endoplasms
  3 giant cockroaches (D:1)
  3 goblins
  2 hobgoblins
  2 quokkas
  6 bats (D:1)
  2 frilled lizards (D:1)
  7 kobolds
  3 rats
53 creatures vanquished.

Notes
Turn   | Place    | Note
-------+----------+-------------------------------------------
     0 | D:1      | iamoutofideas the Hill Orc Gladiator began the quest for
                  | the Orb.
     0 | D:1      | Reached XP level 1. HP: 18/18 MP: 1/1
    76 | D:1      | Reached XP level 2. HP: 20/25 MP: 2/2
   304 | D:1      | Found Zeeploy's Jewellery Emporium.
   518 | D:1      | Reached XP level 3. HP: 29/30 MP: 3/3
   551 | D:1      | Found a faded altar of an unknown god.
   949 | D:2      | Reached skill level 5 in Axes
  1324 | D:2      | Reached XP level 4. HP: 36/37 MP: 4/4
  2267 | D:3      | Reached skill level 6 in Axes
  2430 | D:3      | Found a hide-covered altar of Uskayaw.
  2785 | D:4      | Noticed an ogre
  2791 | D:4      | Slain by an ogre

Illustrated notes

Levels and vault maps discovered:
D:1:      giann_horns, layout_loops_ring, shapermc_ecumenical_altar_venn,
          serial_shops, shop, grunt_decor_one_mirror, minivault_4,
          palyth_stone_intersect
D:2:      layout_basic
D:3:      layout_basic, nicolae_uskayaw_dance_hall, minivault_24
D:4:      layout_basic, uniq_sigmund

Skill      XL: |  1  2  3  4 |
---------------+-------------+-----
Axes           | 5 6 |  6.3
Fighting       | 3 |  3.0
Throwing       | |  1.9
Dodging        | |  2.9

Action                   |  1- 3 |  4- 6 || total
-------------------------+-------+-------++-------
Melee: War axe           |    93 |    57 ||   150
Armor: Leather armour    |    27 |    19 ||    46
Dodge: Dodged            |    71 |    45 ||   116

Table legend: (Time is in decaauts)
 A = Elapsed time spent in this place.
 B = Non-inter-level travel time spent in this place.
 C = Inter-level travel time spent in this place.
 D = Time resting spent in this place.
 E = Time spent auto-exploring this place.
 F = Levels seen in this place.
 G = Mean time per level.
                   A        B        C        D        E       F      G
               +--------+--------+--------+--------+--------+-----+--------+
         Total |   2827 |   2749 |     78 |    169 |   2190 |   4 |  706.8 |
       Dungeon |   2827 |   2749 |     78 |    169 |   2190 |   4 |  706.8 |
               +--------+--------+--------+--------+--------+-----+--------+

Top non-repeatable levels by time:
     D:2: 1156 daAuts
     D:1: 954 daAuts
     D:3: 701 daAuts
     D:4: 15 daAuts
